 Dungeon Crawl Stone Soup version 0.31.0-11-ge490571c62 (webtiles) character file.

Game seed: 10012625308126074540

91 trckry the Poker (level 4, 0/33 HPs)
             Began as a Merfolk Wanderer on Jan 31, 2024.
             Slain by a bombardier beetle (3 damage)
             ... on level 3 of the Dungeon.
             The game lasted 00:05:01 (1792 turns).

trckry the Poker (Merfolk Wanderer)                 Turns: 1792, Time: 00:05:02

Health: 0/33       AC:  5    Str: 18    XL:     4   Next: 59%
Magic:  4/4        EV: 11    Int: 14    God:
Gold:   47         SH:  0    Dex: 12    Spells: 3/3 levels left

rFire   . . .        a - +2 spear
rCold   . . .        (no shield)
rNeg    . . .        k - +0 ring mail
rPois   .            (no helmet)
rElec   .            (no cloak)
rCorr   .            (no gloves)
SInv    .            (no boots)
Will    .....        (no amulet)
Stlth   +            s - +6 ring of intelligence
HPRegen 0.25/turn    (no ring)
MPRegen 0.09/turn

%: no passive effects
@: on fire, glowing
A: (nimble swimmer 2), mertail
a: no special abilities


You were on level 3 of the Dungeon.
You visited 1 branch of the dungeon, and saw 3 of its levels.

You collected 47 gold pieces.

Inventory:

Hand Weapons
 a - a +2 spear (weapon)
 b - a +0 short sword
Missiles
 h - 2 silver javelins
Armour
 k - a +0 ring mail (worn)
Jewellery
 s - a +6 ring of intelligence (left hand)
Wands
 c - a wand of polymorph (7) (quivered)
 q - a wand of mindburst (12)
Scrolls
 d - 3 scrolls of fear
 g - 3 scrolls of teleportation {unknown}
 i - 2 scrolls of enchant weapon {unknown}
 p - a scroll of identify {unknown}
 r - a scroll of fog {unknown}
Potions
 e - a potion of resistance {unknown}
 f - a potion of heal wounds {unknown}
 j - a potion of lignification {unknown}
 l - a potion of berserk rage {unknown}
 m - a potion of brilliance {unknown}
 n - 2 potions of haste {unknown}
 o - a potion of curing {unknown}


   Skills:
 - Level 2.1 Fighting
 - Level 2.4 Short Blades
 * Level 5.3 Polearms
 + Level 1.6 Armour
 + Level 2.2 Dodging
 + Level 2.7 Evocations


You had 3 spell levels left.
You didn't know any spells.
Your spell library was empty.

Dungeon Overview and Level Annotations

Branches:
Dungeon (3/15) Zot: 16230

Altars:


Innate Abilities, Weirdness & Mutations

((You are very nimble when in or above water. (Stealth+, EV+, Speed+++)))
Your lower body shifts to a powerful aquatic tail in water.


Message History

You barely miss the bombardier beetle.
The bombardier beetle is lightly wounded.
The liquid fire burns you!
The bombardier beetle sprays incendiary fluid at you.
The burning spray hits you.
You are even more covered in liquid fire!
You barely miss the bombardier beetle.
The bombardier beetle is lightly wounded.
The liquid fire burns you!
You hit the bombardier beetle but do no damage.
The bombardier beetle is lightly wounded.
The liquid fire burns you!
The bombardier beetle barely misses you.
You hit the bombardier beetle.
The bombardier beetle is moderately wounded.
The liquid fire burns you!
You barely miss the bombardier beetle.
The bombardier beetle is moderately wounded.
The liquid fire burns you!
The bombardier beetle barely misses you.
You hit the bombardier beetle but do no damage.
The bombardier beetle is moderately wounded.
The liquid fire burns you!
You hit the bombardier beetle.
The bombardier beetle is heavily wounded.
The liquid fire burns you!
* * * LOW HITPOINT WARNING * * *
The bombardier beetle sprays incendiary fluid at you.
The burning spray hits you.
You are even more covered in liquid fire!
You hit the bombardier beetle but do no damage.
The bombardier beetle is heavily wounded.
The liquid fire burns you!
* * * LOW HITPOINT WARNING * * *
You puncture the bombardier beetle!
The bombardier beetle is almost dead.
The liquid fire burns you!
* * * LOW HITPOINT WARNING * * *
The bombardier beetle bites you.
You die...

.........#####
#...........
.............#
#...........
.............#
#...........
#............#
...#####....
#............# . #....
#............# ... #....
########.....#.... #....
#...............#####...#
+.......@...........'...'
#.......B..##..######...#
#..................##....
#......##................
#......# ................
####### ................
..........#'###.
..........#..##.
........##.##.


You could see a bombardier beetle.

Vanquished Creatures
  An orc wizard (D:3)
  3 dart slugs
  A ribbon worm (D:3)
  5 orcs (D:3)
  5 bats
  4 endoplasms
  A giant cockroach (D:1)
  5 goblins
  2 hobgoblins (D:1)
  4 jackals
  6 kobolds
  2 quokkas (D:1)
  5 ball pythons
  A frilled lizard (D:1)
  5 rats
50 creatures vanquished.

Notes
Turn   | Place    | Note
-------+----------+-------------------------------------------
     0 | D:1      | trckry the Merfolk Wanderer began the quest for the Orb.
     0 | D:1      | trckry set off with the following items: a +2 spear, a +0
                  | short sword, a wand of polymorph (7), a scroll of fear, a
                  | +0 leather armour.
     0 | D:1      | Reached XP level 1. HP: 16/16 MP: 1/1
   122 | D:1      | Reached XP level 2. HP: 22/22 MP: 2/2
   192 | D:1      | Reached skill level 1 in Dodging
   311 | D:1      | Reached XP level 3. HP: 27/27 MP: 3/3
  1603 | D:3      | Reached skill level 5 in Polearms
  1624 | D:3      | Reached XP level 4. HP: 26/33 MP: 4/4
  1792 | D:3      | HP: 3/33 [burnt (3)]
  1792 | D:3      | Slain by a bombardier beetle

Illustrated notes

Levels and vault maps discovered:
D:1:      tarquinn_simple_flora_water_c, layout_basic
D:2:      layout_basic, minmay_misc_feat_tower, corexii_hall_statues_l
D:3:      layout_basic, makhleb_altar_promises_db, zin_scriptorium

Skill      XL: |  1  2  3 |
---------------+----------+-----
Dodging        | 1 2 |  2.2
Polearms       | 5 |  5.3
Fighting       | |  2.1
Short Blades   | |  2.4
Armour         | |  1.6
Evocations     | |  2.7

Action                     |  1- 3 |  4- 6 || total
---------------------------+-------+-------++-------
  Melee: Spear             |   112 |    37 ||   149
         Punch             |     1 |       ||     1
   Stab: Sleeping          |     1 |       ||     1
 Armour: Leather armour    |    24 |       ||    24
         Ring mail         |     3 |     9 ||    12
  Dodge: Dodged            |    45 |    14 ||    59
